 Dungeon Crawl Stone Soup version 0.18-a0-19-g8b99b3a (webtiles) character file.

6608 tp1 the Covert (level 10, -3/56 HPs)
             Began as a Deep Elf Fire Elementalist on Nov 1, 2015.
             Was a Believer of Vehumet.
             Engulfed by a cloud of flame (17 damage)
             ... on level 9 of the Dungeon.
             The game lasted 01:01:24 (10638 turns).

tp1 the Covert (Deep Elf Fire Elementalist)        Turns: 10638, Time: 01:01:24

Health: -3/56      AC:  9    Str:  5    XL:     10   Next: 71%
Magic:  28/34      EV: 12    Int: 24    God:    Vehumet [**....]
Gold:   429        SH:  5    Dex: 15    Spells: 5 memorised, 15 levels left

rFire  . . .     SeeInvis +     o - +0 short sword (venom)
rCold  . . .     Clarity  .     T - +0 mottled dragon armour
rNeg   . . .     SustAt   .     W - +0 buckler
rPois  .         Gourm    .     (no helmet)
rElec  .         Spirit   .     S - +0 cloak
rCorr  .         Warding  .     (no gloves)
rMut   +         Stasis   .     V - +0 pair of boots
MR     +....                    R - amulet of resist mutation
Stlth  ++++......               G - ring of see invisible
                                y - ring of magical power

@: somewhat resistant to hostile enchantments, stealthy
A: no striking features
a: Renounce Religion


You were on level 9 of the Dungeon.
You worshipped Vehumet.
Vehumet was pleased with you.
You were not hungry.

You visited 2 branches of the dungeon, and saw 11 of its levels.

You collected 429 gold pieces.

Inventory:

Hand Weapons
 h - a +0 dagger
 o - a +0 short sword of venom (weapon)
 H - a -2 war axe
Missiles
 t - 2 javelins of returning (quivered)
Armour
 a - a +0 robe
 n - a +0 leather armour
 q - a +0 ring mail
 w - a +0 cloak
 S - a +0 cloak (worn)
 T - a +0 mottled dragon armour (worn)
 V - a +0 pair of boots (worn)
 W - a +0 buckler (worn)
Jewellery
 s - an uncursed ring of protection from cold
 x - an uncursed ring of protection from magic
 y - a ring of magical power (left hand)
 G - a ring of see invisible (right hand)
 R - an amulet of resist mutation (around neck)
Wands
 C - a wand of cold (0)
 L - a wand of polymorph (13)
 Q - a wand of teleportation (6)
Scrolls
 d - 4 scrolls of remove curse
 e - 3 scrolls of noise
 f - 6 scrolls of teleportation
 i - a scroll of immolation
 k - a scroll of amnesia
 l - a scroll of fear
 v - a scroll of fog
Potions
 g - a potion of haste
 j - a potion of magic
 m - 2 potions of curing
 p - a potion of heal wounds
 u - a potion of invisibility
 A - 2 potions of degeneration
 B - a potion of flight {unknown}
 D - 2 potions of might {unknown}
 E - a potion of brilliance {unknown}
 F - a potion of beneficial mutation {unknown}
 J - a potion of poison {unknown}
 K - a potion of cure mutation {unknown}
 M - a potion of lignification {unknown}
Books
 b - a book of Flames

   Spells                             Type                      Level
   a - Flame Tongue                   Conjuration/Fire             1
   b - Throw Flame                    Conjuration/Fire             2
   c - Conjure Flame                  Conjuration/Fire             3
   d - Inner Flame                    Hexes/Fire                   3
   e - Sticky Flame                   Conjuration/Fire             4
   f - Fireball                       Conjuration/Fire             5
Comestibles
 c - 9 bread rations
 r - 6 meat rations
 z - a slice of pizza
 I - 3 beef jerkies
 O - 3 fruits


   Skills:
 - Level 4.1 Fighting
 - Level 3.0 Armour
 - Level 5.1 Dodging
 - Level 9.6 Stealth
 * Level 3.0 Shields
 - Level 9.6 Spellcasting
 - Level 8.0 Conjurations
 - Level 8.0 Fire Magic


You had 15 spell levels left.
You knew the following spells:

 Your Spells              Type           Power        Failure   Level  Hunger
a - Flame Tongue          Conj/Fire      #####        1%          1    None
b - Conjure Flame         Conj/Fire      ######..     1%          3    None
c - Inner Flame           Hex/Fire       ####....     10%         3    None
d - Fireball              Conj/Fire      ######....   17%         5    ####...
e - Freeze                Ice            ##..         17%         1    None


Dungeon Overview and Level Annotations

Branches:
Dungeon (10/15)            Temple (1/1) D:5
   Lair: D:8-11         Orc: D:9-12

Altars:
Ashenzari
Cheibriados
Dithmenos
Elyvilon
Fedhas
Gozag
Kikubaaqudgha
Makhleb
Nemelex Xobeh
Okawaru
Qazlal
Ru
Sif Muna
Trog
Vehumet
Xom
Yredelemnul
Zin

Shops:
D:6 *


Message History

The quokka bites you but does no damage.
The quokka misses you.
Casting: Flame Tongue
Confirm with . or Enter, or press ? or * to list all spells.
Aiming: Flame Tongue
Press: ? - help, Shift-Dir - straight line, f - sky beast
Aim: a sky beast (severely wounded, slightly transparent)
The flame tongue hits the quokka.
The quokka explodes!
The fiery explosion engulfs you!
Ouch! That really hurt!
* * * LOW HITPOINT WARNING * * *
The fiery explosion engulfs the sky beast.
You kill the sky beast!
Vehumet accepts your kill.
Vehumet offers you knowledge of Ignite Poison.
Vehumet accepts your kill.
Your Shields skill increases to level 3!
You are engulfed in roaring flames.
You die...

#....# ### #....# ##.## #....#
#...# #....# ### #...# #>...#
##.# # #...#######....## #..# #
#...............# #..## #
#...########..#.# ######...###
#..........#...@#####.....>#)...
#...######.#.#.§§§...%########..
#...# #.#.##§§§%....##.## #..
##.## #.#.###...###.....# #..
##..## #....##.#..#####.## #..
##....## ##......##.# ### #..
#......## #.##..###.# ###..
........# #.##....#.# ####....
#......##
##.##.##...#####....#..


There were no monsters in sight!

Vanquished Creatures
  Erolcha (D:8)
  Erica (D:8)
  The ghost of Borgoz the Fighter, a novice MiFi of the Shining One (D:7)
  Psyche (D:8)
  A merfolk (D:9)
  A wyvern (D:8)
  A hippogriff (D:5)
  Edmund (D:4)
  2 ice beasts
  2 sky beasts
  10 ogres
  A centaur (D:6)
  2 orc warriors (D:9)
  2 big kobolds
  A giant frog (D:7)
  A wyvern zombie (D:9)
  4 scorpions
  A water moccasin zombie (D:5)
  10 killer bees
  2 jellies
  A centaur zombie (D:6)
  5 hounds
  A giant frog zombie (D:5)
  3 orc priests
  6 orc wizards
  2 centaur skeletons
  Jessica (D:3)
  Natasha (thrice) (D:3)
  2 iguanas
  6 worker ants
  A hound zombie (D:7)
  2 gnolls (D:7)
  A worker ant zombie (D:5)
  15 adders
  An adder zombie (D:7)
  2 oozes (D:2)
  7 worms
  3 adder skeletons
  27 orcs
  3 ball pythons
  7 giant cockroaches
  10 goblins
  10 hobgoblins
  6 jackals
  16 kobolds
  7 quokkas
  14 bats
  8 giant geckos
  6 giant newts
  A quokka skeleton (D:3)
  11 rats
  A plant (D:9)
235 creatures vanquished.

Notes
Turn   | Place    | Note
--------------------------------------------------------------
     0 | D:1      | tp1 the Deep Elf Fire Elementalist began the quest for the Orb.
     0 | D:1      | Reached XP level 1. HP: 10/10 MP: 6/6
   253 | D:1      | Reached XP level 2. HP: 13/15 MP: 1/8
  1315 | D:2      | Reached XP level 3. HP: 19/19 MP: 9/9
  1547 | D:2      | Reached skill level 4 in Spellcasting
  1727 | D:2      | Reached XP level 4. HP: 24/24 MP: 7/12
  1746 | D:2      | Learned a level 3 spell: Conjure Flame
  1750 | D:2      | Learned a level 3 spell: Inner Flame
  1960 | D:2      | Reached skill level 5 in Spellcasting
  3198 | D:3      | Found an ancient bone altar of Kikubaaqudgha.
  3267 | D:4      | Found a shadowy altar of Dithmenos.
  3267 | D:4      | Noticed an ogre
  3352 | D:3      | Noticed Natasha
  3370 | D:3      | Reached skill level 6 in Spellcasting
  3370 | D:3      | Reached XP level 5. HP: 28/28 MP: 15/15
  3376 | D:3      | Killed Natasha
  3502 | D:3      | Found a bloodstained altar of Trog.
  3561 | D:3      | Noticed Jessica
  3567 | D:3      | Killed Jessica
  3582 | D:3      | Found a sparkling altar of Nemelex Xobeh.
  3642 | D:3      | Noticed Natasha
  3643 | D:3      | Killed Natasha
  3900 | D:3      | Reached skill level 7 in Spellcasting
  3953 | D:3      | Noticed Natasha
  3955 | D:3      | Killed Natasha
  4044 | D:3      | Reached XP level 6. HP: 18/32 MP: 10/18
  4458 | D:3      | Found a sparkling altar of Nemelex Xobeh.
  4480 | D:3      | Found a bloodstained altar of Trog.
  4677 | D:3      | Found an ancient bone altar of Kikubaaqudgha.
  4989 | D:4      | Noticed Edmund
  4996 | D:4      | Killed Edmund
  5075 | D:4      | Found a shattered altar of Ashenzari.
  5119 | D:4      | Reached skill level 5 in Fire Magic
  5119 | D:4      | Reached XP level 7. HP: 27/36 MP: 16/19
  5151 | D:4      | Reached skill level 5 in Conjurations
  5159 | D:4      | Learned a level 5 spell: Fireball
  5297 | D:4      | Noticed a moth of wrath
  5301 | D:4      | Found a bloodstained altar of Trog.
  5534 | D:4      | Reached skill level 8 in Spellcasting
  5786 | D:5      | Entered Level 5 of the Dungeon
  5905 | D:5      | Reached XP level 8. HP: 37/41 MP: 22/22
  6083 | D:5      | Found a staircase to the Ecumenical Temple.
  6092 | Temple   | Entered the Ecumenical Temple
  6136 | Temple   | Became a worshipper of Vehumet
  6309 | D:5      | Found a white marble altar of Elyvilon.
  6725 | D:5      | Found a staircase to the Ecumenical Temple.
  6890 | D:5      | Found a white marble altar of Elyvilon.
  7086 | D:6      | Found Zin's Purification Station.
  7086 | D:6      | Found a glowing silver altar of Zin.
  7503 | D:6      | Reached XP level 9. HP: 45/45 MP: 15/23
  7688 | D:6      | Found an iron altar of Okawaru.
  7694 | D:6      | Reached * piety under Vehumet
  7694 | D:6      | Offered knowledge of Magic Dart by Vehumet.
  8065 | D:6      | Reached skill level 5 in Dodging
  8198 | D:6      | Found a burning altar of Makhleb.
  8198 | D:6      | Noticed a balrug
  8202 | D:6      | Noticed a hellwing
  8469 | D:7      | Noticed Borgoz's ghost (novice MiFi)
  8686 | D:7      | Killed Borgoz's ghost
  8757 | D:7      | Reached skill level 1 in Armour
  8979 | D:8      | Noticed Erolcha
  9000 | D:8      | Killed Erolcha
  9000 | D:8      | Reached XP level 10. HP: 56/56 MP: 12/24
  9194 | D:8      | Noticed Psyche
  9204 | D:8      | Killed Psyche
  9436 | D:8      | Noticed Erica
  9449 | D:8      | Killed Erica
  9449 | D:8      | Reached skill level 9 in Stealth
  9490 | D:8      | Reached ** piety under Vehumet
  9714 | D:8      | Found an opulent altar of Gozag.
  9825 | D:9      | Found a blossoming altar of Fedhas.
  9857 | D:9      | Offered knowledge of Freeze by Vehumet.
 10006 | D:9      | Learned a level 1 spell: Freeze
 10188 | D:9      | Found an opulent altar of Gozag.
 10505 | D:9      | Reached skill level 1 in Shields
 10598 | D:10     | Entered Level 10 of the Dungeon
 10638 | D:9      | Offered knowledge of Ignite Poison by Vehumet.
 10638 | D:9      | Engulfed by a cloud of flame

Vault maps used:
D:1:      dpeg_arrival_rooms_c
D:3:      marbit_many_paths, overflow_temple_1_default,
          nicolae_overflow_hidden_temple, uniq_jessica, uniq_natasha
D:4:      kennysheep_mini_moat, nicolae_overflow_crystal_walls, first_bread,
          tgw_trog, uniq_edmund
D:5:      lemuel_doored_altar, minmay_temple_entry_overgrown, st_stairs_3
D:6:      okawaru_gym_becter, makhleb_altar_promises_db, zin_purify
D:7:      tso_oasis_becter, uniq_joseph
D:8:      kennysheep_little_box, uniq_erica, uniq_psyche, uniq_erolcha
D:9:      fedhas_altar_1, hangedman_fish_farm, minivault_11,
          nicolae_gozag_seed_capital
D:10:     david_lair_shrubbed, minmay_parallelograms
Temple:   temple_of_Zot_orb

Action                   |  1- 3 |  4- 6 |  7- 9 | 10-12 || total
-------------------------+-------+-------+-------+-------++-------
Melee: Short sword       |     2 |       |       |       ||     2
       War axe           |       |       |       |    10 ||    10
Throw: Javelin           |    26 |     2 |       |       ||    28
 Cast: Flame Tongue      |    47 |   129 |   203 |    84 ||   463
       Conjure Flame     |       |     8 |    24 |    11 ||    43
       Inner Flame       |       |     6 |    11 |    12 ||    29
       Fireball          |       |       |     4 |     2 ||     6
  Use: Scroll            |       |     4 |     2 |    13 ||    19
       Potion            |       |       |       |     1 ||     1
  Eat: Chunk             |     2 |    11 |    11 |     6 ||    30
